 Dungeon Crawl Stone Soup version 0.29.1-1-gd02db6906a (webtiles) character file.

Game seed: 3967337929664151068

63256 RogueRain17 the Brawler (level 14, -1/105 HPs)
             Began as a Demonspawn Gladiator on Sept 20, 2022.
             Was the Champion of Makhleb.
             Shot with a bolt by a naga sharpshooter (5 damage)
             ... on level 1 of the Snake Pit.
             The game lasted 00:53:04 (15904 turns).

RogueRain17 the Brawler (Demonspawn Gladiator)     Turns: 15904, Time: 00:53:07

Health: -1/105     AC: 14    Str: 27    XL:     14   Next: 67%
Magic:  21/21      EV: 13    Int: 12    God:    Makhleb [******]
Gold:   1711       SH:  5    Dex: 15    Spells: 12/17 levels left

rFire   . . .      SeeInvis .     - Unarmed
rCold   . . .      Faith    .   (no shield)
rNeg    . . .      Spirit   .   a - +0 ring mail of Shrieking Wonder {rPois Str+2}
rPois   +          Reflect  +   V - +2 hat
rElec   .          Harm     .   j - +2 cloak
rCorr   .          Rampage  .   (gloves unavailable)
Will    ++...                   J - +0 pair of boots
Stlth   +.........              l - amulet of reflection
HPRegen 0.27/turn               q - ring of willpower
MPRegen 0.17/turn               S - +6 ring of strength

@: no status effects
A: claws 3, ignite blood 2, spiny 2, big brain 1
a: Renounce Religion, Minor Destruction, Lesser Servant of Makhleb, Major
Destruction, Greater Servant of Makhleb


You were on level 1 of the Snake Pit.
You worshipped Makhleb.
Makhleb was exalted by your worship.
You visited 3 branches of the dungeon, and saw 20 of its levels.

You collected 1711 gold pieces.

Inventory:

Missiles
 d - 5 throwing nets
 e - a javelin
 f - 9 boomerangs (quivered)
 u - 4 silver boomerangs
Armour
 a - the +0 ring mail of Shrieking Wonder (worn) {rPois Str+2}
   (You found it on level 3 of the Dungeon)

   Str:       It affects your strength (+2).
   rPois:     It protects you from poison.
 j - a +2 cloak (worn)
 H - the +1 chain mail "Liepsoq" {*Slow rN+++ Regen+ Str+4}
   (You found it on level 5 of the Dungeon)

   Str:       It affects your strength (+4).
   rN:        It renders you almost immune to negative energy.
   Regen:     It increases your rate of health regeneration.
   *Slow:     It may slow you when you take damage.
 J - a +0 pair of boots (worn)
 V - a +2 hat (worn)
Jewellery
 c - a ring of wizardry
 l - an amulet of reflection (around neck)
 q - a ring of willpower (left claw)
 w - a ring of protection from cold
 E - an amulet of magic regeneration
 Q - a ring of protection from cold
 S - a +6 ring of strength (right claw)
 T - a ring of protection from fire
 Y - a ring of magical power
Wands
 b - a wand of flame (5)
 s - a wand of polymorph (2)
 y - a wand of paralysis (16)
 B - a wand of quicksilver (23)
 F - a wand of iceblast (14)
 O - a wand of mindburst (21)
Scrolls
 i - 6 scrolls of identify
 k - 3 scrolls of enchant armour
 m - a scroll of torment {unknown}
 n - 6 scrolls of magic mapping
 t - 2 scrolls of poison
 v - 3 scrolls of silence
 K - 5 scrolls of teleportation
 M - 2 scrolls of fear
 N - 2 scrolls of fog
 R - 2 scrolls of vulnerability
 U - 2 scrolls of amnesia
 W - 2 scrolls of brand weapon
 X - a scroll of immolation
Potions
 g - 4 potions of might
 h - 17 potions of curing
 o - 2 potions of magic
 p - 5 potions of flight
 r - 2 potions of attraction
 z - 2 potions of cancellation {unknown}
 A - 5 potions of haste {unknown}
 C - 5 potions of resistance {unknown}
 D - 8 potions of heal wounds {unknown}
 G - a potion of brilliance {unknown}
 I - 6 potions of mutation {unknown}
 L - 4 potions of lignification {unknown}
 P - 2 potions of berserk rage {unknown}


   Skills:
 + Level 8.1 Fighting
 - Level 3.2 Axes
 - Level 1.7 Throwing
 - Level 10.0 Armour
 - Level 5.2 Dodging
 * Level 18.6 Unarmed Combat
 - Level 2.0 Spellcasting
 - Level 10.0 Invocations


You had 12 spell levels left.
You knew the following spells:

 Your Spells              Type           Power      Damage    Failure   Level
a - Blade Hands           Tmut           0%         N/A       100%        5

Your spell library contained the following spells:

 Spells                   Type           Power      Damage    Failure   Level
 Magic Dart               Conj           4%         1d3       36%         1
 Call Imp                 Summ           1%         N/A       50%         2
 Mephitic Cloud           Conj/Pois/Air  1%         N/A       73%         3
 Anguish                  Hex/Necr       0%         N/A       98%         4
 Iskenderun's Battlesphe  Conj           1%         2d6       100%        5
 Eringya's Noxious Bog    Tmut/Pois      0%         N/A       100%        6
 Iron Shot                Conj/Erth      0%         9d1       100%        6
 Spellforged Servitor     Conj/Summ      0%         N/A       100%        7


Dungeon Overview and Level Annotations

Branches:
Dungeon (14/15)            Temple (0/1) D:7            Lair (5/5) D:8
  Swamp (0/4) Lair:3        Snake (1/4) Lair:2        Slime (0/5) Lair:4
 Vaults (0/5) D:13
    Orc: D:9-12

Altars:
Cheibriados
Dithmenos
Fedhas
Kikubaaqudgha
Makhleb
Sif Muna
Wu Jian
Yredelemnul
Jiyva

Shops:
D:1 :

Portals:
Trove: D:13 (give +6 ice dragon scales)

Annotations:
D:10 exclusions: ice statue and oklob plant
Lair:5 exclusion: ice statue


Innate Abilities, Weirdness & Mutations

You have claws for hands.
Your demonic aura often causes spilled blood to erupt in flames.
You are mostly covered in sharp spines.
You have an unusually large brain. (Int +2)


Message History

I - 6 grey potions (gained 2)
A naga sharpshooter comes into view. It is wielding a +0 mace.
The naga sharpshooter shouts!
The naga sharpshooter unwields a +0 mace.
The naga sharpshooter wields a +0 arbalest.
The naga sharpshooter mumbles some strange words.
The naga sharpshooter magically shoots a bolt.
The bolt hits you!
A shock serpent comes into view.
The naga sharpshooter shoots a bolt.
The bolt hits you!
The naga sharpshooter shoots a bolt.
The bolt hits you.
You claw the naga sharpshooter!
The naga sharpshooter is lightly wounded.
You mangle the naga sharpshooter!!
The naga sharpshooter is heavily wounded.
You block the shock serpent's attack.
The naga sharpshooter shoots a bolt.
The bolt hits you.
You claw the naga sharpshooter!
The naga sharpshooter is heavily wounded.
The shock serpent bites you but does no damage.
The naga sharpshooter gestures wildly while chanting.
The naga sharpshooter magically shoots a bolt.
The bolt hits you!!
You barely miss the naga sharpshooter.
The naga sharpshooter is heavily wounded.
The shock serpent shoots out a bolt of lightning at you!
The bolt of electricity hits you!!
You closely miss the naga sharpshooter. Your claw misses the naga sharpshooter.
The naga sharpshooter is heavily wounded.
The shock serpent is struck by your spines.
The shock serpent bites you!
* * * LOW HITPOINT WARNING * * *
The shock serpent shocks you!
* * * LOW HITPOINT WARNING * * *
The shock serpent's electric aura discharges, shocking you!
* * * LOW HITPOINT WARNING * * *
The naga sharpshooter mumbles some strange words.
The naga sharpshooter magically shoots a bolt.
The bolt hits you.
You die...

....... .......
....... #####
....... #.....
....... #.....
.......## ##....#
........#######....#
.....☼S............#
......N@...........#
.....☼.##.......)..#
.....##
###...###...# ....#
#...# #..# ...#
#...# ..# ..# ##.##
. .. #..# #..#
.........## #..#


You could see a naga sharpshooter and a shock serpent.

Vanquished Creatures
  Gastronok (Lair:3)
  A yaktaur captain (D:13)
  6 hydras
  3 two-headed ogres
  A centaur warrior (D:13)
  4 death yaks (Lair:5)
  14 spriggans (Lair:5)
  Nergalle (D:11)
  A lindwurm (Lair:3)
  2 deep elf pyromancers
  A phantasmal warrior (D:14)
  4 ugly things
  A bog body (Lair:3)
  A cyclops (D:14)
  12 elephants
  A manticore (D:14)
  5 black mambas
  4 gargoyles
  11 cane toads
  3 rime drakes (Lair:5)
  An unseen horror (D:11)
  An efreet (D:13)
  A freezing wraith (D:14)
  10 komodo dragons
  A kobold demonologist (D:13)
  2 yaktaurs (D:13)
  A tengu conjurer (D:13)
  5 trolls
  13 polar bears
  3 meliai (D:14)
  6 hornets
  A tarantella (shapeshifter) (D:13)
  6 blink frogs (Lair:5)
  21 dream sheep
  Sigmund (D:4)
  A culicivora (shapeshifter) (D:13)
  A centaur simulacrum (D:14)
  A shadow (D:12)
  2 vampires (D:11)
  6 wraiths
  3 wyverns
  52 yaks
  3 basilisks
  2 vampire mosquitoes (D:12)
  Menkaure (D:5)
  2 acid dragons (D:11)
  5 nagas
  8 water moccasins
  4 black bears
  4 orc warriors
  6 sky beasts
  7 ice beasts
  4 boggarts (Lair:5)
  A centaur (D:12)
  35 wolves
  2 phantoms
  Blork the orc (D:5)
  8 bullfrogs
  A kobold brigand (D:10)
  3 necrophages
  3 scorpions (D:6)
  5 wights (D:8)
  9 killer bees
  An electric eel (D:11)
  3 howler monkeys
  3 hounds
  14 orc priests
  A jelly (D:8)
  2 gnoll boudas
  4 iguanas
  8 orc wizards
  Robin (D:3)
  5 adders
  8 gnolls
  A shadow imp (D:7)
  2 worms (D:4)
  A dart slug (D:2)
  51 orcs
  7 ball pythons
  6 endoplasms
  A giant cockroach (D:4)
  10 goblins
  7 hobgoblins
  4 jackals
  7 kobolds
  2 quokkas
  12 bats
  2 frilled lizards (D:3)
  6 rats
499 creatures vanquished.

Vanquished Creatures (others)
  27 fungi
  40 plants
67 creatures vanquished.

Grand Total: 566 creatures vanquished

Notes
Turn   | Place    | Note
-------+----------+-------------------------------------------
     0 | D:1      | RogueRain17 the Demonspawn Gladiator began the quest for
                  | the Orb.
     0 | D:1      | Reached XP level 1. HP: 16/16 MP: 1/1
    28 | D:1      | Found Lebyi's Vocational Training.
   291 | D:1      | Found a faded altar of an unknown god.
   865 | D:2      | Gained mutation: You have sharp fingernails. [demonic
                  | ancestry]
   865 | D:2      | Reached XP level 2. HP: 20/22 MP: 2/2
  1060 | D:2      | Reached skill level 1 in Unarmed Combat
  1061 | D:2      | Gained mutation: Your demonic aura sometimes causes spilled
                  | blood to erupt in flames. [demonic ancestry]
  1061 | D:2      | Reached XP level 3. HP: 17/27 MP: 3/3
  1356 | D:2      | Reached skill level 2 in Unarmed Combat
  1892 | D:2      | Gained mutation: You have very sharp fingernails. [demonic
                  | ancestry]
  1892 | D:2      | Reached XP level 4. HP: 29/33 MP: 4/4
  2353 | D:3      | Noticed Robin
  2378 | D:3      | Killed Robin
  2389 | D:3      | Reached skill level 3 in Unarmed Combat
  2452 | D:3      | Gained mutation: Your demonic aura often causes spilled
                  | blood to erupt in flames. [demonic ancestry]
  2452 | D:3      | Reached XP level 5. HP: 18/38 MP: 5/5
  2461 | D:3      | Reached skill level 4 in Unarmed Combat
  3014 | D:3      | Identified the +0 ring mail of Shrieking Wonder {rPois
                  | Str+2}
  3294 | D:4      | Found an ancient bone altar of Kikubaaqudgha.
  3405 | D:4      | Found an ornate altar of the Wu Jian Council.
  3487 | D:4      | Noticed Sigmund
  3501 | D:4      | Killed Sigmund
  3502 | D:4      | Reached skill level 5 in Unarmed Combat
  3502 | D:4      | Reached XP level 6. HP: 44/44 MP: 6/6
  3776 | D:4      | Gained mutation: You are partially covered in sharp spines.
                  | [demonic ancestry]
  3776 | D:4      | Reached XP level 7. HP: 50/50 MP: 7/7
  4106 | D:5      | Entered Level 5 of the Dungeon
  4114 | D:5      | Reached skill level 6 in Unarmed Combat
  4185 | D:5      | Identified the +1 chain mail "Liepsoq" {*Slow rN+++ Regen+
                  | Str+4}
  4189 | D:5      | Identified the +6 spear of the Fulmar {vorpal, rC++ Str+4}
  4232 | D:5      | Found a shimmering blue altar of Sif Muna.
  4232 | D:5      | Found a shadowy altar of Dithmenos.
  4284 | D:5      | Noticed Menkaure
  4290 | D:5      | Killed Menkaure
  4306 | D:5      | Noticed Blork the orc
  4310 | D:5      | Killed Blork the orc
  4335 | D:5      | Reached skill level 5 in Dodging
  4335 | D:5      | Reached skill level 7 in Unarmed Combat
  4335 | D:5      | Gained mutation: You have an unusually large brain. (Int
                  | +2) [demonic ancestry]
  4335 | D:5      | Reached XP level 8. HP: 56/56 MP: 8/8
  4843 | D:6      | Reached skill level 1 in Armour
  5007 | D:6      | Reached skill level 8 in Unarmed Combat
  5350 | D:7      | Reached skill level 9 in Unarmed Combat
  5350 | D:7      | Reached XP level 9. HP: 53/61 MP: 9/9
  5389 | D:7      | Found a snail-covered altar of Cheibriados.
  5391 | D:7      | Found a burning altar of Makhleb.
  5418 | D:7      | Became a worshipper of Makhleb the Destroyer
  5550 | D:7      | Found a staircase to the Ecumenical Temple.
  5902 | D:8      | Got the Papyrus of Changed Battling
  5929 | D:8      | Reached skill level 10 in Unarmed Combat
  5936 | D:8      | Found a staircase to the Lair.
  5987 | D:8      | Reached skill level 1 in Invocations
  6049 | D:8      | Reached * piety under Makhleb
  6158 | D:8      | Reached skill level 5 in Armour
  6261 | D:8      | Noticed a two-headed ogre
  6729 | D:8      | Killed a two-headed ogre
  6730 | D:8      | Gained mutation: You are mostly covered in sharp spines.
                  | [demonic ancestry]
  6730 | D:8      | Reached XP level 10. HP: 67/67 MP: 12/12
  6759 | D:9      | Found a basalt altar of Yredelemnul.
  6912 | D:9      | Reached skill level 11 in Unarmed Combat
  7188 | D:9      | Got the Omnibus of Moulding and Malignant Arts
  7382 | D:9      | Reached skill level 5 in Invocations
  7684 | D:10     | Entered Level 10 of the Dungeon
  7921 | Lair:1   | Entered Level 1 of the Lair of Beasts
  8155 | Lair:1   | Noticed a cane toad
  8163 | Lair:1   | Killed a cane toad
  8163 | Lair:1   | Reached ** piety under Makhleb
  8279 | Lair:1   | Reached skill level 12 in Unarmed Combat
  8731 | Lair:2   | Noticed a cane toad
  8735 | Lair:2   | Killed a cane toad
  8736 | Lair:2   | Reached XP level 11. HP: 72/72 MP: 16/16
  8806 | Lair:2   | Found a staircase to the Snake Pit.
  9675 | Lair:3   | Noticed a bog body
  9677 | Lair:3   | Found a staircase to the Swamp.
  9684 | Lair:3   | Killed a bog body
  9786 | Lair:2   | Reached skill level 13 in Unarmed Combat
  9881 | Lair:3   | Noticed Gastronok
  9905 | Lair:3   | Killed Gastronok
  9914 | Lair:3   | Noticed an eight-headed hydra
  9921 | Lair:3   | Killed an eight-headed hydra
 10087 | Lair:3   | Reached XP level 12. HP: 75/78 MP: 19/19
 10088 | Lair:3   | Reached *** piety under Makhleb
 10345 | Lair:3   | Reached skill level 10 in Invocations
 10351 | Lair:3   | Learned a level 5 spell: Blade Hands
 10517 | Lair:4   | Reached skill level 14 in Unarmed Combat
 10869 | Lair:4   | Reached skill level 15 in Unarmed Combat
 11049 | Lair:4   | Noticed an eight-headed hydra
 11054 | Lair:4   | Killed an eight-headed hydra
 11061 | Lair:4   | Found a viscous altar of Jiyva.
 11061 | Lair:4   | Found a staircase to the Slime Pits.
 11245 | Lair:5   | Entered Level 5 of the Lair of Beasts
 11245 | Lair:5   | Noticed a five-headed hydra
 11251 | Lair:5   | Killed a five-headed hydra
 11374 | Lair:5   | Reached **** piety under Makhleb
 11384 | Lair:5   | Reached skill level 10 in Armour
 11384 | Lair:5   | Reached XP level 13. HP: 83/83 MP: 20/20
 11419 | Lair:5   | Reached skill level 1 in Spellcasting
 11490 | Lair:5   | Reached skill level 16 in Unarmed Combat
 11707 | Lair:5   | Reached ***** piety under Makhleb
 11880 | Lair:5   | Reached skill level 17 in Unarmed Combat
 11955 | Lair:5   | Reached skill level 5 in Fighting
 12429 | Lair:5   | Gained mutation: You have claws for hands. [demonic
                  | ancestry]
 12429 | Lair:5   | Reached XP level 14. HP: 96/99 MP: 21/21
 12706 | D:10     | Found a blossoming altar of Fedhas.
 13422 | D:11     | Noticed Nergalle
 13646 | D:11     | Killed Nergalle
 13896 | D:11     | Reached ****** piety under Makhleb
 14181 | D:12     | You fall into a shaft and drop 1 floor!
 14199 | D:13     | Reached skill level 18 in Unarmed Combat
 14584 | D:13     | Found a portal to a secret trove of treasure.
 14790 | D:13     | Found a gate to the Vaults.
 15798 | Snake:1  | Entered Level 1 of the Snake Pit
 15904 | Snake:1  | HP: 4/105 [shock serpent/electric aura (6)]
 15904 | Snake:1  | Shot with a bolt by a naga sharpshooter

Illustrated notes

Levels and vault maps discovered:
D:1:      dpeg_arrival_tiny_j, layout_basic, shapermc_ecumenical_altar_venn,
          chequers_serial_rivers_small_b, nicolae_shop_vocational
D:2:      layout_basic
D:3:      layout_loops_ring, minmay_quadrilaterals, uniq_robin
D:4:      layout_cave_pools, nzn_wu_jian_contemplation,
          mainiacjoe_overflow_tiny_flanked, amcnicky_mini_pool_small,
          feat_on_display, uniq_sigmund
D:5:      layout_loops_ring, nicolae_overflow_two_pavilions, uniq_menkaure,
          uniq_blork_the_orc
D:6:      layout_cave_pools, serial_column_ruins, column_ruins_hut,
          column_ruins_hut_ruined, column_ruins_grid_1, column_ruins_open_small,
          column_ruins_open_tiny, column_ruins_corridor_corner, feat_on_display
D:7:      layout_rooms, grunt_temple_overflow_open,
          minmay_temple_entry_overgrown, kennysheep_another_room
D:8:      layout_basic, lair_entry_dummy, minmay_checkerbox
D:9:      layout_stronghold, lemuel_crystal_altar
D:10:     layout_gridville, tgw_fedhas, minivault_15
D:11:     layout_cave_pools, amcnicky_mini_rare_corridor_liquid,
          dreamdust_princess_bridge, uniq_nergalle
D:12:     layout_rooms, orc_0_dummy
D:13:     layout_roguey, david_vaults_2, trove_entry_hex_spiral
D:14:     layout_basic, glass_columns_a
Lair:1:   layout_loops_ring
Lair:2:   layout_cave_pods, guppyfry_snake_entry_garden, serial_bayou_pond_a
Lair:3:   layout_regular_city, skrybe_swamp_entry_bodies,
          cheibrodos_lair_lostbears, uniq_gastronok
Lair:4:   layout_regular_city, slime_entry_1
Lair:5:   minmay_lair_end_enchanted_forest, layout_loops_ring, ice2_lemuel,
          grunt_megastairs_3
Snake:1:  layout_layer_cave

Skill      XL: |  1  2  3  4  5  6  7  8  9 10 11 12 13 14 |
---------------+-------------------------------------------+-----
Axes           | 3 |  3.2
Dodging        | 3 4 5 |  5.2
Unarmed Combat | 1 2 3 5 7 9 10 12 13 15 17 18 | 18.6
Armour         | 3 5 6 8 10 | 10.0
Invocations    | 3 6 9 10 | 10.0
Spellcasting   | 2 |  2.0
Fighting       | 5 8 |  8.1
Throwing       | |  1.7

Action                   |  1- 3 |  4- 6 |  7- 9 | 10-12 | 13-15 || total
-------------------------+-------+-------+-------+-------+-------++-------
Melee: War axe           |   104 |    62 |       |       |       ||   166
       Punch             |     3 |     4 |    10 |    35 |    40 ||    92
       Unarmed           |       |    73 |   243 |   329 |   454 ||  1099
Throw: Boomerang         |       |       |     4 |       |       ||     4
Invok: Major Destruction |       |       |       |       |     4 ||     4
Evoke: Wand              |       |     3 |     5 |     8 |     1 ||    17
  Use: Scroll            |       |     8 |       |    13 |     4 ||    25
 Stab: Sleeping          |     1 |       |       |       |       ||     1
       Paralysed         |       |     3 |     2 |       |       ||     5
Armor: Leather armour    |    29 |    19 |       |       |       ||    48
       Ring mail         |       |    15 |     5 |       |    21 ||    41
       Chain mail        |       |       |    74 |   154 |   168 ||   396
Dodge: Dodged            |    66 |    57 |    59 |   126 |   180 ||   488
Block: Other             |    26 |    31 |    45 |    67 |    77 ||   246
       Reflection        |     2 |     1 |       |       |     3 ||     6
